[Event "Titled Tuesday Blitz March 14 Early 2023"]
[White "Daneshvar, Bardiya"]
[Black "Manukian, Artak"]
[WhiteFideId "12576468"]
[BlackFideId "13301373"]
[WhiteElo "2468"]
[BlackElo "2130"]
[Result "1-0"]
[Round "04"]
[TimeControl "180+2"]
[Date "2023.03.14"]
[WhiteClock "0:01:14"]
[BlackClock "0:00:04"]

1. b3 Nf6 2. Bb2 g6 3. e4 d6 4. Nc3 Bg7 5. d4 O-O 6. Qd2 c5 7. Nge2 Nc6 8. d5 Ne5 9. f3 e6 10. O-O-O exd5 11. Nxd5 Be6 12. Nxf6+ Qxf6 13. Kb1 Nc4 14. Bxf6 Nxd2+ 15. Rxd2 Bxf6 16. Rxd6 Rad8 17. Rxd8 Rxd8 18. Kc1 b5 19. Nf4 Bg5 20. g3 c4 21. Be2 h5 22. Rd1 Rxd1+ 23. Kxd1 cxb3 24. cxb3 a6 25. Nd3 Be7 26. Kd2 Kf8 27. Kc3 a5 28. Kd4 Ke8 29. Nc5 b4 30. Bb5+ Kf8 31. Nb7 h4 32. Nxa5 hxg3 33. hxg3 Bd6 34. e5 Bc7 35. Nc6 Bb6+ 36. Kd3 Bf5+ 37. Ke2 Bb1 38. Nxb4 Bc5 39. Bd3 Bxb4 40. Bxb1 Ba3 41. f4 Ke7 42. Kd3 Ke6 43. Ke4 Ke7 44. Kd5 Kd7 45. g4 Ke7 46. f5 gxf5 47. gxf5 Kd7 48. f6 Bb2 49. b4 Kc7 50. Bg6 1-0


[Site "https://www.chess.com"]

[Event "Titled Tuesday Blitz March 14 Early 2023"]
[White "Santos Ruiz, Miguel"]
[Black "Jiang, Andrew"]
[WhiteFideId "22291482"]
[BlackFideId "30953510"]
[WhiteElo "2504"]
[BlackElo "1883"]
[Result "1-0"]
[Round "04"]
[TimeControl "180+2"]
[Date "2023.03.14"]
[WhiteClock "0:01:08"]
[BlackClock "0:01:26"]

1. e4 e5 2. Nf3 Nc6 3. d3 Nf6 4. g3 d5 5. exd5 Qxd5 6. Bg2 Bg4 7. h3 Bxf3 8. Bxf3 Qe6 9. Bg2 O-O-O 10. Nd2 h5 11. Qf3 Nd5 12. c3 f5 13. h4 Nf6 14. O-O Qd7 15. Nc4 e4 16. dxe4 fxe4 17. Qe2 Qd3 18. Qxd3 exd3 19. Rd1 Bc5 20. b4 Bb6 21. Bg5 Rhf8 22. Rd2 Ng4 23. Nxb6+ axb6 24. Bxd8 Rxd8 25. Rad1 Nce5 26. f4 Nc4 27. Rxd3 Re8 28. Bd5 Nb2 29. Be6+ 1-0


[Site "https://www.chess.com"]

[Event "Titled Tuesday Blitz March 14 Early 2023"]
[White "Begunov, Konstantin"]
[Black "Dehtiarov, Roman"]
[WhiteFideId "4118510"]
[BlackFideId "14186640"]
[WhiteElo "2079"]
[BlackElo "2162"]
[Result "0-1"]
[Round "04"]
[TimeControl "180+2"]
[Date "2023.03.14"]
[WhiteClock "0:00:06"]
[BlackClock "0:01:28"]

1. d4 Nf6 2. c4 e6 3. Nf3 b6 4. g3 Ba6 5. Qa4 c5 6. Bg2 Bb7 7. dxc5 Bxc5 8. Nc3 O-O 9. O-O Qe7 10. Rd1 Nc6 11. a3 a5 12. Qc2 h6 13. Na4 d6 14. Nxc5 bxc5 15. Bd2 e5 16. e3 Nd8 17. b4 axb4 18. axb4 Ne6 19. b5 Be4 20. Qb2 Qb7 21. Ne1 Bxg2 22. Nxg2 Ng5 23. Be1 Ng4 24. h4 Nh3+ 25. Kh1 Qf3 26. Rxa8 Rxa8 27. Rxd6 Nhxf2+ 28. Kg1 Nh3+ 29. Kh1 Qf1# 0-1


[Site "https://www.chess.com"]

[Event "Titled Tuesday Blitz March 14 Early 2023"]
[White "De Silva, L M S T"]
[Black "Staudenhocker43"]
[WhiteFideId "9953698"]
[WhiteElo "2403"]
[BlackElo "2419"]
[Result "1-0"]
[Round "04"]
[TimeControl "180+2"]
[Date "2023.03.14"]
[WhiteClock "0:00:57"]
[BlackClock "0:01:13"]

1. b3 Nf6 2. Bb2 g6 3. c4 Bg7 4. e4 d6 5. g3 O-O 6. Bg2 c5 7. Ne2 Nc6 8. O-O Rb8 9. d4 cxd4 10. Nxd4 Bd7 11. Nc3 a6 12. a4 Qb6 13. Nf3 Na5 14. Nd2 Rfc8 15. Rb1 e6 16. Ba3 Rd8 17. b4 Nc6 18. b5 Ne5 19. a5 Qxa5 20. Bxd6 Qxc3 21. Bxb8 Rxb8 22. bxa6 Bc6 23. f4 Nxc4 24. Nxc4 Qxc4 25. axb7 Qc5+ 26. Kh1 Rxb7 27. Rc1 Qb6 28. Qd6 Be8 29. Qxb6 Rxb6 30. Rc8 Kf8 31. e5 Nd5 32. Ra1 Ke7 33. Ra7+ Bd7 34. Bxd5 1-0


[Site "https://www.chess.com"]

[Event "Titled Tuesday Blitz March 14 Early 2023"]
[White "Garcia Pantoja, Roberto"]
[Black "aidenzhouu"]
[WhiteFideId "3509265"]
[WhiteElo "2544"]
[BlackElo "2413"]
[Result "1/2-1/2"]
[Round "04"]
[TimeControl "180+2"]
[Date "2023.03.14"]
[WhiteClock "0:00:09"]
[BlackClock "0:00:06"]

1. e4 c6 2. d4 d5 3. f3 e6 4. Nc3 Nf6 5. e5 Nfd7 6. f4 c5 7. Nf3 Nc6 8. Be3 cxd4 9. Nxd4 Bc5 10. Qd2 a6 11. O-O-O Nxd4 12. Bxd4 b5 13. h4 b4 14. Ne2 a5 15. Qe3 Qb6 16. Bxc5 Nxc5 17. Nd4 Ba6 18. Bxa6 Rxa6 19. f5 a4 20. Kb1 Ne4 21. fxe6 fxe6 22. Qe2 Nc3+ 23. bxc3 bxc3+ 24. Nb3 axb3 25. cxb3 O-O 26. Rhf1 Rc8 27. Rc1 Qd4 28. Rc2 Ra7 29. h5 Rf8 30. Rxf8+ Kxf8 31. Qf2+ Qxf2 32. Rxf2+ Ke7 33. a4 d4 34. Kc2 Ra5 35. Re2 Kd7 36. Kd3 Rd5 37. b4 Kc6 38. Ra2 Kb6 39. Kc4 Ka6 40. g4 g6 41. h6 Kb6 42. Kd3 Ka6 43. a5 Rd7 44. Kc4 Rd5 45. Kd3 Rd7 46. Ra1 Rd5 47. Rb1 Kb5 48. Ra1 Ka6 49. Ra2 1/2-1/2


[Site "https://www.chess.com"]

[Event "Titled Tuesday Blitz March 14 Early 2023"]
[White "Kvaloy, Aksel Bu"]
[Black "Hoffmann, Asa"]
[WhiteFideId "1528815"]
[BlackFideId "2001470"]
[WhiteElo "2208"]
[BlackElo "2117"]
[Result "1-0"]
[Round "04"]
[TimeControl "180+2"]
[Date "2023.03.14"]
[WhiteClock "0:00:02"]
[BlackClock "0:00:01"]

1. d4 Nf6 2. c4 c5 3. d5 e5 4. Nc3 d6 5. e4 Be7 6. g3 O-O 7. Bg2 Na6 8. Nge2 Ne8 9. O-O Bd7 10. f4 Bf6 11. h3 Nec7 12. Kh2 b5 13. cxb5 Nxb5 14. g4 exf4 15. Bxf4 Qe7 16. Qd2 Nd4 17. Nxd4 cxd4 18. Ne2 Bb5 19. Nxd4 Bxd4 20. Qxd4 Bxf1 21. Rxf1 Nc5 22. e5 dxe5 23. d6 exd4 24. dxe7 Rfe8 25. Bxa8 Rxa8 26. Be5 Ne6 27. Rd1 Re8 28. Bxd4 Rxe7 29. Rc1 h6 30. Rc8+ Kh7 31. Bc3 Rd7 32. Kg3 Kg6 33. h4 h5 34. gxh5+ Kxh5 35. Rh8+ Kg6 36. h5+ Kf5 37. Rg8 f6 38. Re8 Ng5 39. Re1 Rd3+ 40. Kg2 Ne4 41. Rh1 Nxc3 42. bxc3 Rd7 43. h6 gxh6 44. Rxh6 Rd2+ 45. Kf3 Rxa2 46. Rh5+ Ke6 47. Ke4 Ra4+ 48. Kd3 f5 49. Rh8 Ke5 50. Ke3 Ra3 51. Kd3 Kf4 52. Rh4+ Kf3 53. Rh1 f4 54. Rf1+ Kg3 55. Ke4 Ra4+ 56. Kd5 f3 57. c4 f2 58. c5 Kg2 59. c6 Ra2 60. c7 Rc2 61. Rd1 f1=Q 62. Ke6 1-0


[Site "https://www.chess.com"]

[Event "Titled Tuesday Blitz March 14 Early 2023"]
[White "Agasarov, Benik"]
[Black "Girsh, Daniel"]
[WhiteFideId "13314823"]
[BlackFideId "30949190"]
[WhiteElo "2179"]
[BlackElo "2075"]
[Result "1-0"]
[Round "04"]
[TimeControl "180+2"]
[Date "2023.03.14"]
[WhiteClock "0:00:36"]
[BlackClock "0:00:01"]

1. e4 e6 2. d4 d5 3. exd5 exd5 4. Bd3 Bd6 5. Qf3 Ne7 6. Ne2 Nbc6 7. c3 Ng6 8. Qxd5 O-O 9. Qf3 Nh4 10. Qd5 Be6 11. Qg5 Qxg5 12. Bxg5 Nxg2+ 13. Kd1 f6 14. Be3 Ne7 15. Be4 Bd5 16. Nd2 f5 17. Bxg2 Bxg2 18. Rg1 Bc6 19. Bf4 Rad8 20. Kc2 Nd5 21. Bxd6 Rxd6 22. Nc4 Rh6 23. Ne5 Rxh2 24. Raf1 Be8 25. Kd2 f4 26. Ng4 Rh3 27. f3 Bh5 28. c4 Bxg4 29. fxg4 Ne3 30. Rxf4 Nxc4+ 31. Kc1 Rxf4 32. Nxf4 Rf3 33. Ne6 Rf6 34. d5 c6 35. g5 Rf5 36. dxc6 bxc6 37. Rd1 Rd5 38. Rf1 h5 39. g6 Rd6 40. Rf8# 1-0


[Site "https://www.chess.com"]

[Event "Titled Tuesday Blitz March 14 Early 2023"]
[White "Weetik, Vjacheslav"]
[Black "Shevtchenko, Olesya"]
[WhiteFideId "4153472"]
[BlackFideId "24131890"]
[WhiteElo "2469"]
[BlackElo "2003"]
[Result "1-0"]
[Round "04"]
[TimeControl "180+2"]
[Date "2023.03.14"]
[WhiteClock "0:00:03"]
[BlackClock "0:00:03"]

1. d4 Nf6 2. c4 e6 3. Nc3 d5 4. cxd5 exd5 5. Bg5 c6 6. e3 Be7 7. Bd3 Nbd7 8. Nge2 Nh5 9. Bxe7 Qxe7 10. O-O g6 11. Qd2 Ndf6 12. f3 O-O 13. e4 dxe4 14. fxe4 Be6 15. h3 Rad8 16. Qh6 b5 17. Rf3 b4 18. Na4 Bc8 19. Qg5 Rfe8 20. e5 Nd5 21. Qxe7 Rxe7 22. Nc5 Ng7 23. Bc4 Ne6 24. Bxd5 Nxc5 25. Bxc6 Ne6 26. d5 Ng5 27. Re3 Bf5 28. h4 Ne4 29. g4 Rxe5 30. gxf5 gxf5 31. Nf4 Kg7 32. Kh2 Kh6 33. Rg1 f6 34. Ne6 Rd6 35. Nf4 Re7 36. Re2 a5 37. Reg2 Rd8 38. Rg8 Rxg8 39. Rxg8 Nf2 40. Kg2 Ng4 41. Ne6 Ne3+ 42. Kf3 Nc4 43. Kf4 Ne5 44. Kxf5 Nf7 45. Kxf6 Rc7 46. Ng5 Nd6 47. Rd8 Nc4 48. Rf8 Nxb2 49. Rf7 Rxf7+ 50. Nxf7+ Kh5 51. d6 Nc4 52. d7 1-0


[Site "https://www.chess.com"]

[Event "Titled Tuesday Blitz March 14 Early 2023"]
[White "Tillyaev, Ulugbek"]
[Black "Leve, Nitai"]
[WhiteFideId "14202441"]
[BlackFideId "2006898"]
[WhiteElo "2377"]
[BlackElo "2144"]
[Result "1-0"]
[Round "04"]
[TimeControl "180+2"]
[Date "2023.03.14"]
[WhiteClock "0:01:58"]
[BlackClock "0:00:03"]

1. e4 e6 2. Nc3 d5 3. Nf3 dxe4 4. Nxe4 Nf6 5. Nxf6+ Qxf6 6. d4 h6 7. Bd3 Bd6 8. Qe2 Nc6 9. c3 a6 10. O-O b6 11. d5 Ne5 12. Nxe5 Qxe5 13. Qxe5 Bxe5 14. Re1 Bd6 15. dxe6 Bxe6 16. Bc4 Kd7 17. Bxe6+ fxe6 18. Be3 e5 19. f3 Kc6 20. a4 a5 21. Bf2 Rhe8 22. Re4 Rad8 23. Rae1 Bc5 24. Bxc5 Kxc5 25. b4+ axb4 26. cxb4+ Kc6 27. f4 Ra8 28. b5+ Kd5 29. fxe5 Ke6 30. Rc1 Re7 31. Kf2 Rf8+ 32. Ke3 Rf5 33. Rc6+ Kd5 34. Rd4+ Kxe5 35. Re4+ Kd5 36. Rxe7 1-0


[Site "https://www.chess.com"]

[Event "Titled Tuesday Blitz March 14 Early 2023"]
[White "Bochnicka, Vladimir"]
[Black "Domingo Nunez, Alejandro"]
[WhiteFideId "14943450"]
[BlackFideId "22245561"]
[WhiteElo "2094"]
[BlackElo "2230"]
[Result "0-1"]
[Round "04"]
[TimeControl "180+2"]
[Date "2023.03.14"]
[WhiteClock "0:00:56"]
[BlackClock "0:01:27"]

1. e4 g6 2. d4 Bg7 3. Nf3 c6 4. Be3 d5 5. e5 f6 6. c4 Bg4 7. cxd5 cxd5 8. Nc3 Nc6 9. h3 Bxf3 10. Qxf3 fxe5 11. Nxd5 exd4 12. Bg5 h6 13. Bd2 Qd6 14. Bd3 a6 15. Bf4 e5 16. Bd2 O-O-O 17. O-O Qxd5 18. Be4 Qd6 19. Rac1 Ne7 20. Bb4 Qxb4 21. Bxc6 Nxc6 22. Rxc6+ bxc6 23. Qxc6+ Kb8 24. Rc1 Rc8 0-1


[Site "https://www.chess.com"]

[Event "Titled Tuesday Blitz March 14 Early 2023"]
[White "Ahn, Hongjin"]
[Black "Kraus, Tomas"]
[WhiteFideId "13201492"]
[BlackFideId "331708"]
[WhiteElo "2182"]
[BlackElo "2389"]
[Result "1-0"]
[Round "04"]
[TimeControl "180+2"]
[Date "2023.03.14"]
[WhiteClock "0:00:10"]
[BlackClock "0:00:01"]

1. e4 e6 2. d4 d5 3. Bd3 c5 4. exd5 exd5 5. c3 cxd4 6. cxd4 Nc6 7. Ne2 Bd6 8. O-O Nge7 9. Nbc3 O-O 10. Bf4 Re8 11. Rc1 Bf5 12. Bg3 Bxd3 13. Qxd3 Bxg3 14. hxg3 Qb6 15. b3 Rad8 16. Na4 Qb4 17. Rc2 b6 18. Rfc1 Rc8 19. Nf4 Qxd4 20. Qxd4 Nxd4 21. Rxc8 Nxc8 22. Rc7 Ne6 23. Rxa7 Nxa7 24. Nxd5 f6 25. Naxb6 Nb5 26. Nc4 Nbc7 27. Nc3 Na8 28. Ne4 Rc8 29. Ned6 Rd8 30. Nb5 Rc8 31. Nbd6 Rxc4 32. Nxc4 Nac7 33. f3 Kf7 34. Kf2 Ke7 35. Nd2 Kd7 36. g4 Kc6 37. g3 Kb5 38. Ke3 Kb4 39. Kd3 Nb5 40. Kc2 Nc5 41. Kb2 Nd4 42. a3+ Kb5 43. b4 Nd3+ 44. Kc3 Ne5 45. Kxd4 Nf7 46. Kc3 Nd6 47. Kb3 f5 48. a4+ Kb6 49. gxf5 Nxf5 50. g4 Nd4+ 51. Kc3 Nc6 52. Nc4+ Kc7 53. b5 Ne7 54. Kd4 Ng6 55. Kc5 Nf8 56. a5 Ne6+ 57. Kb4 Nd4 58. b6+ 1-0


[Site "https://www.chess.com"]

[Event "Titled Tuesday Blitz March 14 Early 2023"]
[White "Mirzanurov, Bulat"]
[Black "Nurmanova, Alua"]
[WhiteFideId "4184521"]
[BlackFideId "13729390"]
[WhiteElo "2019"]
[BlackElo "2253"]
[Result "0-1"]
[Round "04"]
[TimeControl "180+2"]
[Date "2023.03.14"]
[WhiteClock "0:00:12"]
[BlackClock "0:00:45"]

1. e4 c5 2. Nf3 d6 3. d4 cxd4 4. Nxd4 Nf6 5. Nc3 a6 6. f3 e5 7. Nb3 Be7 8. Be3 Qc7 9. Qd2 h5 10. Nd5 Nxd5 11. exd5 Nd7 12. c4 b6 13. Bd3 a5 14. Rc1 Nf6 15. O-O h4 16. Na1 h3 17. g3 O-O 18. Nc2 Bd7 19. Na3 Qb7 20. Be2 Rac8 21. Rfd1 Nh7 22. Nb5 f5 23. f4 exf4 24. Bxf4 g5 25. Bxd6 Bxb5 26. Bxe7 Qxe7 27. cxb5 Qe4 28. Bd3 Qf3 29. Qf2 Qg4 30. Rxc8 Qxd1+ 31. Bf1 Rxc8 32. Qxf5 Rf8 33. Qe6+ Kh8 34. Qe5+ Rf6 35. Qe8+ Nf8 36. Qh5+ Qxh5 0-1


[Site "https://www.chess.com"]

[Event "Titled Tuesday Blitz March 14 Early 2023"]
[White "Garv Gaur"]
[Black "littlepillow2010"]
[WhiteFideId "45030839"]
[WhiteElo "2068"]
[BlackElo "2383"]
[Result "1-0"]
[Round "04"]
[TimeControl "180+2"]
[Date "2023.03.14"]
[WhiteClock "0:00:09"]
[BlackClock "0:00:01"]

1. Nf3 d5 2. g3 Nf6 3. Bg2 Bf5 4. O-O e6 5. d3 h6 6. b3 c5 7. Bb2 Be7 8. Nbd2 Nbd7 9. e3 O-O 10. Qe2 Bh7 11. Rfd1 Qc7 12. e4 d4 13. a4 a5 14. Nc4 e5 15. Nh4 Ne8 16. Bc1 Bxh4 17. gxh4 Nd6 18. Rf1 Nxc4 19. bxc4 Nb8 20. f4 Nc6 21. f5 f6 22. Bf3 Kh8 23. Kh1 Nb4 24. Rg1 Rad8 25. Bh5 Rd7 26. Rg2 Bg8 27. Ba3 Bf7 28. Bg6 b6 29. Rag1 Nc6 30. Bc1 Ne7 31. Qh5 Bxg6 32. fxg6 Ng8 33. Qf5 Rd6 34. Bd2 Qd7 35. Rb1 Qxf5 36. exf5 Ne7 37. Rf2 Rc6 38. Kg2 Nc8 39. Re2 Nd6 40. Rf1 Re8 41. Be1 Kg8 42. Bg3 Kf8 43. Rb1 Ke7 44. Rf1 Kd7 45. Kh3 h5 46. Kg2 Rcc8 47. Ree1 Kc6 48. Rb1 e4 49. Bxd6 exd3 50. cxd3 Re2+ 51. Rf2 Rxf2+ 52. Kxf2 Kxd6 53. Rxb6+ Ke5 54. Rb7 Rg8 55. Rc7 Kxf5 56. Rxc5+ Kxg6 57. Rxa5 Rb8 58. Rd5 Rb2+ 59. Kf3 Ra2 60. a5 Ra3 61. Ke4 Kf7 62. Kxd4 Ke6 63. Rb5 Ra2 64. Rb6+ Kf7 65. a6 1-0


[Site "https://www.chess.com"]

[Event "Titled Tuesday Blitz March 14 Early 2023"]
[White "Bews, Steven"]
[Black "Fernandez Siles, Luis"]
[WhiteFideId "2400529"]
[BlackFideId "2209420"]
[WhiteElo "2577"]
[BlackElo "2186"]
[Result "1-0"]
[Round "04"]
[TimeControl "180+2"]
[Date "2023.03.14"]
[WhiteClock "0:01:20"]
[BlackClock "0:00:30"]

1. e4 c5 2. Nf3 Nc6 3. d4 cxd4 4. Nxd4 Nf6 5. Nc3 e5 6. Ndb5 d6 7. a4 a6 8. Na3 Bg4 9. f3 Be6 10. Bc4 Rc8 11. Be3 Nb4 12. Bd5 Bxd5 13. Nxd5 Nbxd5 14. exd5 Qa5+ 15. c3 Qxd5 16. O-O Qxd1 17. Raxd1 d5 18. Nc2 Bc5 19. Bxc5 Rxc5 20. Rfe1 e4 21. fxe4 dxe4 22. Ne3 O-O 23. Rd6 h5 24. h3 Re8 25. Red1 Re6 26. Kf2 Rxd6 27. Rxd6 h4 28. Rb6 Rc7 29. Nf5 Nd5 30. Rd6 Ne7 31. Nd4 f5 32. Ke3 g5 33. Ne6 Rc5 34. Nxc5 1-0


[Site "https://www.chess.com"]

[Event "Titled Tuesday Blitz March 14 Early 2023"]
[White "Alahakoon, Isuru"]
[Black "Gontcharov, Vladislav"]
[WhiteFideId "9900993"]
[BlackFideId "4123492"]
[WhiteElo "1995"]
[BlackElo "2470"]
[Result "0-1"]
[Round "04"]
[TimeControl "180+2"]
[Date "2023.03.14"]
[WhiteClock "0:00:07"]
[BlackClock "0:00:47"]

1. Nf3 Nf6 2. d4 e6 3. Nc3 Bb4 4. Bd2 d5 5. e3 O-O 6. Bd3 b6 7. O-O c5 8. Ne5 c4 9. Be2 Bxc3 10. Bxc3 Ne4 11. Be1 f6 12. Nf3 Nc6 13. b3 Ba6 14. bxc4 Bxc4 15. Bxc4 dxc4 16. Nd2 Nc3 17. Qf3 Qd5 18. Nb1 Ne4 19. Nc3 Nxc3 20. Bxc3 f5 21. Rfe1 Rad8 22. Rad1 Rd6 23. Qe2 Rfd8 24. f3 Qb5 25. e4 fxe4 26. Qxe4 Qf5 27. d5 Qxe4 28. fxe4 exd5 29. exd5 Rxd5 30. Rxd5 Rxd5 31. Re6 Nd4 32. Re4 Nxc2 33. Rxc4 Rd7 34. Bxg7 Ne3 35. Re4 Nd1 36. Bh6 Kf7 37. h3 Nc3 38. Rc4 Nxa2 39. g4 a5 40. Rf4+ Ke6 41. Rf2 Nc3 42. Be3 Nd1 43. Re2 Nxe3 44. Rxe3+ Kd5 45. Rb3 Rb7 46. Rb5+ Kc4 47. Rb1 a4 48. g5 a3 49. h4 a2 50. Ra1 Ra7 51. Kf2 b5 52. Ke3 b4 53. Kd2 b3 54. Kc1 Kc3 55. h5 b2+ 0-1


[Site "https://www.chess.com"]

[Event "Titled Tuesday Blitz March 14 Early 2023"]
[White "Tarasova, Viktoriya"]
[Black "Karttunen, Mika"]
[WhiteFideId "4175840"]
[BlackFideId "502081"]
[WhiteElo "2182"]
[BlackElo "2396"]
[Result "1-0"]
[Round "04"]
[TimeControl "180+2"]
[Date "2023.03.14"]
[WhiteClock "0:01:56"]
[BlackClock "0:00:27"]

1. d4 d5 2. c4 e6 3. Nc3 Nf6 4. cxd5 exd5 5. Bg5 Bb4 6. Qc2 h6 7. Bh4 Nc6 8. e3 g5 9. Bg3 Ne4 10. Bd3 Nxg3 11. hxg3 h5 12. Ne2 h4 13. O-O-O Be6 14. gxh4 Bxc3 15. Qxc3 gxh4 16. Nf4 Qf6 17. Bb5 Kd7 18. Kb1 a6 19. Bxc6+ bxc6 20. Ka1 a5 21. Nd3 Rhb8 22. Ne5+ Ke8 23. Qxc6+ Kd8 24. f4 Ra7 25. Qc5 Rb6 26. Qf8# 1-0


[Site "https://www.chess.com"]

[Event "Titled Tuesday Blitz March 14 Early 2023"]
[White "Safin, Robert"]
[Black "ArtemDyachuk"]
[WhiteFideId "34189120"]
[WhiteElo "2245"]
[BlackElo "2370"]
[Result "1-0"]
[Round "04"]
[TimeControl "180+2"]
[Date "2023.03.14"]
[WhiteClock "0:00:05"]
[BlackClock "0:00:03"]

1. e4 c5 2. c3 Nf6 3. e5 Nd5 4. Nf3 d6 5. Bb5+ Bd7 6. Bc4 Nb6 7. Bb3 c4 8. Bc2 Nc6 9. exd6 e5 10. d4 cxd3 11. Bxd3 g6 12. Nbd2 Bg7 13. c4 O-O 14. c5 Nd5 15. Ne4 h6 16. O-O Nf4 17. Bxf4 exf4 18. Qd2 g5 19. Rab1 f5 20. Nc3 Qe8 21. Nd5 Qh5 22. Ne7+ Nxe7 23. dxe7 Rf6 24. Bc4+ Be6 25. Bxe6+ Rxe6 26. Rfe1 Rxe1+ 27. Rxe1 Re8 28. Qd5+ Qf7 29. Qxb7 g4 30. Nh4 g3 31. hxg3 fxg3 32. fxg3 f4 33. gxf4 Bd4+ 34. Kh1 Bf2 35. Re5 Qxf4 36. Qe4 Qc1+ 37. Kh2 Qg1+ 38. Kh3 Qh1+ 39. Kg4 Qxh4+ 40. Kf3 Qxe4+ 41. Kxe4 Kf7 42. Rf5+ Kxe7 43. Rxf2 Kd7+ 44. Kd5 Re3 45. Rf7+ Kc8 46. Rh7 Re2 47. b4 Rxa2 48. Rxh6 Rxg2 49. Rh7 Kb8 50. Kc6 Rg6+ 51. Kb5 Rf6 52. Ka5 Rf1 53. Rd7 Ra1+ 54. Kb5 Rf1 55. Rd8+ Kc7 56. Rh8 Kb7 57. Rh7+ Kb8 58. Rd7 Rf5 59. Kc6 Rf6+ 60. Rd6 Rf4 61. Rd8# 1-0


[Site "https://www.chess.com"]

[Event "Titled Tuesday Blitz March 14 Early 2023"]
[White "Skuhala, Barbara"]
[Black "Tokhirjonova, Gulrukhbegim"]
[WhiteFideId "14605465"]
[BlackFideId "14203626"]
[WhiteElo "2072"]
[BlackElo "2268"]
[Result "0-1"]
[Round "04"]
[TimeControl "180+2"]
[Date "2023.03.14"]
[WhiteClock "0:00:06"]
[BlackClock "0:00:38"]

1. e4 e5 2. Nf3 Nc6 3. d4 exd4 4. Nxd4 Nf6 5. Nxc6 bxc6 6. e5 Qe7 7. Qe2 Nd5 8. c4 Ba6 9. b3 g6 10. f4 Bg7 11. Qe4 Nb6 12. Bd3 d5 13. cxd5 cxd5 14. Qe2 Bxd3 15. Qxd3 O-O 16. O-O c5 17. Nd2 f6 18. exf6 Bxf6 19. Rb1 Rac8 20. Nf3 c4 21. bxc4 dxc4 22. Qc2 c3 23. Kh1 Kh8 24. Re1 Qd6 25. Be3 Nd5 26. Rbd1 Nxe3 27. Rxe3 Qxf4 28. Ree1 Qf5 29. Rd3 Rcd8 30. Red1 Rxd3 31. Rxd3 Rb8 32. Qd1 Rb2 33. Rd8+ Bxd8 34. Qxd8+ Kg7 35. Qe7+ Qf7 36. Qe5+ Qf6 37. Qc7+ Kf8 38. Qc8+ Ke7 39. Qc7+ Ke8 40. Qc8+ Qd8 41. Qe6+ Qe7 42. Qg8+ Kd7 43. Qd5+ Kc8 44. Qc4+ Qc7 45. Qe6+ Kb7 46. Qd5+ Kb6 47. h3 Rb1+ 48. Ng1 c2 49. Qd4+ Qc5 50. Qd8+ Ka6 51. Qd3+ Ka5 52. Qd2+ Ka4 53. Qd7+ Ka3 54. Qd3+ Kxa2 55. Qa6+ Kb2 56. Qb7+ Kc1 57. Qe4 Rb4 58. Qe1+ Kb2 0-1


[Site "https://www.chess.com"]

[Event "Titled Tuesday Blitz March 14 Early 2023"]
[White "Yurovskykh, Oleksandr"]
[Black "Sahil, Tickoo"]
[WhiteFideId "14134020"]
[BlackFideId "5019710"]
[WhiteElo "2268"]
[BlackElo "2086"]
[Result "1-0"]
[Round "04"]
[TimeControl "180+2"]
[Date "2023.03.14"]
[WhiteClock "0:01:54"]
[BlackClock "0:00:03"]

1. d4 Nf6 2. Nf3 e6 3. Bf4 d5 4. e3 Bd6 5. Bg3 c5 6. c3 Qc7 7. dxc5 Qxc5 8. Nbd2 Qc7 9. Bd3 Nc6 10. Qe2 Bd7 11. e4 dxe4 12. Nxe4 Nxe4 13. Bxe4 Bxg3 14. hxg3 h6 15. Rd1 O-O-O 16. O-O Kb8 17. Rd2 Bc8 18. Rfd1 Rxd2 19. Qxd2 Rd8 20. Qe2 Rxd1+ 21. Qxd1 Qd7 22. Qxd7 Bxd7 23. Kf1 Kc7 24. Ke2 Kd6 25. Ke3 b6 26. g4 Ne5 27. Nxe5 Kxe5 28. f4+ Kd6 29. Kd4 f6 30. Bf3 Bc6 31. Bxc6 Kxc6 32. c4 a5 33. b3 Kd6 34. a3 Kc6 35. b4 axb4 36. axb4 g6 37. g5 hxg5 38. fxg5 f5 39. Ke5 Kd7 40. g3 Ke7 41. c5 bxc5 42. bxc5 Kd7 43. Kf6 Kc6 44. Kxg6 Kxc5 45. Kf6 Kd5 46. g6 e5 47. Kxf5 e4 48. g7 1-0


[Site "https://www.chess.com"]

[Event "Titled Tuesday Blitz March 14 Early 2023"]
[White "Loiacono, Antonio"]
[Black "Liu, Casper"]
[WhiteFideId "895415"]
[BlackFideId "1454153"]
[WhiteElo "2257"]
[BlackElo "2221"]
[Result "1-0"]
[Round "04"]
[TimeControl "180+2"]
[Date "2023.03.14"]
[WhiteClock "0:00:05"]
[BlackClock "0:00:01"]

1. e4 c5 2. Nf3 e6 3. d4 cxd4 4. Nxd4 a6 5. Nc3 Bc5 6. Nb3 Ba7 7. e5 Nc6 8. f4 Nge7 9. Bd3 O-O 10. Qh5 g6 11. Qe2 d6 12. Ne4 dxe5 13. fxe5 Nf5 14. Nf6+ Kg7 15. Bg5 Ncd4 16. Nh5+ gxh5 17. Bf6+ Kg6 18. Qd2 Nxc2+ 19. Qxc2 Qb6 20. O-O-O Bd7 21. Kb1 Ba4 22. Qc4 Bb5 23. Qh4 Bxd3+ 24. Rxd3 Nxh4 25. Rg3+ Kf5 26. Rf1+ Ke4 27. Nd2+ Kd5 28. Rd3+ Kc6 29. Rd6+ Kc7 30. Rxb6 Bxb6 31. Bxh4 Be3 32. Ne4 f5 33. Nd6 Bd4 34. Bf6 1-0


[Site "https://www.chess.com"]

[Event "Titled Tuesday Blitz March 14 Early 2023"]
[White "Sarkar, Justin"]
[Black "Garakov, Mikhael"]
[WhiteFideId "2010011"]
[BlackFideId "4169034"]
[WhiteElo "2189"]
[BlackElo "2347"]
[Result "1/2-1/2"]
[Round "04"]
[TimeControl "180+2"]
[Date "2023.03.14"]
[WhiteClock "0:00:02"]
[BlackClock "0:00:23"]

1. e4 c5 2. Nf3 e6 3. d4 cxd4 4. Nxd4 Nc6 5. Nc3 Qc7 6. Be3 a6 7. Bd3 b5 8. Nxc6 Qxc6 9. O-O Nf6 10. e5 Bb7 11. f3 Nd5 12. Be4 Bc5 13. Bf2 Nxc3 14. Bxc6 Bxf2+ 15. Rxf2 Nxd1 16. Bxb7 Rb8 17. Rxd1 Rxb7 18. Rd6 Ra7 19. Rfd2 Ke7 20. c3 Rc8 21. Kf2 Rc5 22. f4 f6 23. exf6+ gxf6 24. Ke3 a5 25. g3 b4 26. cxb4 axb4 27. b3 Rc3+ 28. Ke2 Rb7 29. Ra6 d5 30. f5 exf5 31. Rxd5 f4 32. gxf4 Rh3 33. Rd2 Rxh2+ 34. Ke3 Rh3+ 35. Ke4 Kf7 36. Rdd6 Re7+ 37. Kf5 Rh5+ 38. Kg4 Rh6 39. Kf5 Rh5+ 40. Kg4 Rh2 41. Rxf6+ Kg7 42. Rfe6 Rf7 43. Reb6 h5+ 44. Kg3 Rh1 45. Rxb4 Rg1+ 46. Kf2 Rg4 47. Kf3 Rg1 48. a4 h4 49. Rb5 Rg3+ 50. Ke2 Rxf4 51. Rb7+ Rf7 52. Rxf7+ Kxf7 53. Rh6 Rxb3 54. Rxh4 Ke7 55. Kd2 Kd7 56. Kc2 Rg3 57. a5 Kc6 58. Rh5 Kb7 59. Kb2 Ka6 60. Kc2 Ra3 61. Kb2 Rxa5 62. Rxa5+ Kxa5 1/2-1/2


[Site "https://www.chess.com"]

[Event "Titled Tuesday Blitz March 14 Early 2023"]
[White "Janaszak, Dawid"]
[Black "Rostomyan, Mikayel"]
[WhiteFideId "1119206"]
[BlackFideId "13313754"]
[WhiteElo "2220"]
[BlackElo "2009"]
[Result "1-0"]
[Round "04"]
[TimeControl "180+2"]
[Date "2023.03.14"]
[WhiteClock "0:00:06"]
[BlackClock "0:00:01"]

1. d4 Nf6 2. Bf4 d5 3. e3 c5 4. c3 Qb6 5. Qb3 c4 6. Qc2 Bf5 7. Qxf5 e5 8. Qc8+ Ke7 9. dxe5 Ne4 10. f3 g5 11. fxe4 gxf4 12. Nd2 fxe3 13. exd5 exd2+ 14. Kd1 Nd7 15. d6+ Ke6 16. Bxc4+ Kxe5 17. Qxd7 Qxd6 18. Nf3+ Kf4 19. Qxf7+ Ke3 20. Rf1 Bh6 21. Nh4 Ke4 22. Qf5+ Ke3 23. Qf3# 1-0


[Site "https://www.chess.com"]

[Event "Titled Tuesday Blitz March 14 Early 2023"]
[White "Kozin, Yuri"]
[Black "Manon-og, Ramon Jr."]
[WhiteFideId "4129920"]
[BlackFideId "5200776"]
[WhiteElo "2526"]
[BlackElo "2334"]
[Result "0-1"]
[Round "04"]
[TimeControl "180+2"]
[Date "2023.03.14"]
[WhiteClock "0:00:04"]
[BlackClock "0:00:37"]

1. e4 c5 2. Nf3 d6 3. d4 cxd4 4. Nxd4 Nf6 5. Nc3 a6 6. Be3 e5 7. Nf3 Be7 8. Bc4 Bg4 9. Nd5 O-O 10. Bb6 Qd7 11. Nc7 Qc6 12. Nxa8 Qxc4 13. Be3 Nbd7 14. Nd2 Qc6 15. f3 Bh5 16. g4 Bg6 17. h4 h5 18. g5 Nh7 19. Nb3 Rxa8 20. Qd2 Nc5 21. Bxc5 dxc5 22. Na5 Qc7 23. Nc4 Rd8 24. Qe2 Nf8 25. Ne3 Rd7 26. Nd5 Qa5+ 27. Kf2 Ne6 28. Rhd1 Qd8 29. Kg1 Bf8 30. c3 Nf4 31. Qe3 Nxd5 32. exd5 Rxd5 33. Rxd5 Qxd5 34. Qe2 c4 35. Rd1 Bd3 36. Qe1 Qxf3 37. Rd2 Bc5+ 0-1


[Site "https://www.chess.com"]